 Dungeon Crawl Stone Soup version 0.27.1-2-g3b301248ec (webtiles) character file.

Game seed: 289123308488331667

2750 Descartes the Destroyer (level 9, -4/47 HPs)
             Began as a Deep Elf Wanderer on Oct 3, 2021.
             Was an Initiate of Gozag.
             Slain by Harold (19 damage)
             ... on level 7 of the Dungeon.
             The game lasted 00:26:32 (10821 turns).

Descartes the Destroyer (Deep Elf Wanderer)        Turns: 10821, Time: 00:26:32

Health: -4/47      AC: 10    Str: 11    XL:     9   Next: 41%
Magic:  17/28      EV:  5    Int: 22    God:    Gozag
Gold:   721        SH:  0    Dex: 11    Spells: 9/19 levels left

rFire    . . .     SeeInvis +   b - +2 dagger (venom)
rCold    . . .     Faith    .   v - +0 buckler
rNeg     + . .     Spirit   .   A - +4 ring mail "Tounea" {rN+ SInv}
rPois    .         Reflect  .   (no helmet)
rElec    .         Harm     .   (no cloak)
rCorr    .         Rampage  .   (no gloves)
Will     .....                  e - +0 pair of boots
Stlth    +.........             (no amulet)
HPRegen  0.15/turn              M - ring of wizardry
MPRegen  0.21/turn              L - ring of magical power

@: held
A: no striking features
a: Renounce Religion, Potion Petition, Call Merchant, Bribe Branch


You were on level 7 of the Dungeon.
You worshipped Gozag.
Gozag was pleased with you.
You visited 2 branches of the dungeon, and saw 8 of its levels.

You collected 783 gold pieces.
You paid 62 gold pieces to Gozag.

Inventory:

Hand Weapons
 a - a +0 shortbow
 b - a +2 dagger of venom (weapon)
 E - a +0 hunting sling
 N - a +2 dagger of freezing
Missiles
 d - 52 arrows
 h - 5 javelins (quivered)
 k - 5 atropa-tipped darts
 m - 58 sling bullets
 q - 188 stones
 x - 56 bolts
 y - 14 boomerangs
 G - 6 datura-tipped darts
 Q - 8 poisoned darts
 T - a curare-tipped dart
Armour
 c - a +0 robe
 e - a +0 pair of boots (worn)
 s - a +0 tower shield
 v - a +0 buckler (worn)
 A - the +4 ring mail "Tounea" (worn) {rN+ SInv}
   (You found it on level 4 of the Dungeon)

   rN:        It protects you from negative energy.
   SInv:      It lets you see invisible.
Jewellery
 n - a ring of fire
 F - a ring of flight
 J - a +6 ring of intelligence
 L - a ring of magical power (right hand)
 M - a ring of wizardry (left hand)
 R - a ring of protection from fire
Wands
 H - a wand of charming (5)
Scrolls
 f - 3 scrolls of enchant weapon {unknown}
 g - a scroll of blinking {unknown}
 i - a scroll of teleportation {unknown}
 l - 7 scrolls of identify {unknown}
 o - 2 scrolls of brand weapon {unknown}
 t - 3 scrolls of fear {unknown}
 u - 2 scrolls of magic mapping {unknown}
 z - 3 scrolls of immolation {unknown}
 I - a scroll of enchant armour {unknown}
 K - a scroll of silence {unknown}
 S - a scroll of holy word {unknown}
Potions
 j - a potion of flight {unknown}
 p - a potion of mutation {unknown}
 r - 4 potions of curing {unknown}
 w - 2 potions of attraction {unknown}
 B - 2 potions of magic {unknown}
 C - a potion of degeneration {unknown}
 D - a potion of ambrosia {unknown}
 O - a potion of lignification {unknown}
 P - a potion of might {unknown}
Miscellaneous
 U - a piece from Xom's chessboard (15/15)


   Skills:
 - Level 1.5 Fighting
 - Level 3.0 Bows
 - Level 1.0 Crossbows
 - Level 3.0 Dodging
 - Level 3.0 Stealth
 - Level 4.0 Shields
 - Level 5.8 Spellcasting
 + Level 8.3 Conjurations
 - Level 1.2 Necromancy
 - Level 4.0 Translocations
 + Level 7.1 Air Magic


You had 9 spell levels left.
You knew the following spells:

 Your Spells              Type           Power      Damage    Failure   Level
a - Magic Dart            Conj           100%       1d8       1%          1
b - Searing Ray           Conj           86%        3d6       1%          2
c - Blink                 Tloc           N/A        N/A       2%          2
d - Lightning Bolt        Conj/Air       20%        1d35      11%         5

Your spell library contained the following spells:

 Spells                   Type           Power      Damage    Failure   Level
 Static Discharge         Conj/Air       40%        N/A       1%          2
 Corpse Rot               Necr/Air       N/A        N/A       2%          2
 Mephitic Cloud           Conj/Pois/Air  29%        N/A       3%          3
 Conjure Flame            Conj/Fire      24%        6-21      4%          3
 Sublimation of Blood     Necr           5%         N/A       9%          2
 Call Imp                 Summ           6%         N/A       14%         2
 Ensorcelled Hibernation  Hex/Ice        12%        N/A       14%         2
 Slow                     Hex            6%         N/A       14%         2
 Fulminant Prism          Conj/Hex       12%        3d9       16%         4
 Frozen Ramparts          Ice            12%        1d3       26%         3
 Inner Flame              Hex/Fire       6%         N/A       26%         3
 Spider Form              Tmut/Pois      3%         N/A       26%         3
 Ice Form                 Ice/Tmut       6%         N/A       63%         4
 Summon Ice Beast         Ice/Summ       6%         N/A       63%         4
 Summon Mana Viper        Hex/Summ       6%         N/A       91%         5
 Shadow Creatures         Summ           N/A        N/A       100%        6
 Maxwell's Capacitive Co  Air            18%        ∞         100%        8


Dungeon Overview and Level Annotations

Branches:
Dungeon (7/15)             Temple (1/1) D:5

Altars:
Ashenzari
Cheibriados
Dithmenos
Elyvilon
Fedhas
Gozag
Hepliaklqana
Makhleb
Okawaru
Ru
Sif Muna
Trog
Uskayaw
Vehumet
Zin

Annotations:
D:4 Natasha
D:7 Harold


Message History

The magic dart hits Harold but does no damage.
Harold is lightly wounded.
Casting: Magic Dart (safe; 1% risk of failure)
Confirm with . or Enter, or press ? or * to list all spells.
Aiming: Searing Ray (safe; 1% risk of failure)
Press: ? - help, Shift-Dir - straight line, f/p - Harold
Aim: Harold, wielding a +0 trident, wearing a +4 ring mail of cold resistance and quivering 2 throwing nets (lightly wounded, 89% to hit)
The searing ray hits Harold.
Harold is lightly wounded. (Press . to maintain the ray.)
The searing ray hits Harold!
Harold is lightly wounded.
The searing ray hits Harold.
Harold is moderately wounded.
You block Harold's attack.
The searing ray hits Harold!
Harold is moderately wounded.
You finish channeling your searing ray.
Harold asks, "Do you mind if I name my boat the 'Descartes'?
Your head will be paying for it, after all."
Harold hits you from afar with a +0 trident.
Harold throws a throwing net.
The throwing net hits you.
You become entangled in the net!
Harold completely misses you.
Casting: Searing Ray (safe; 1% risk of failure)
Confirm with . or Enter, or press ? or * to list all spells.
Aiming: Searing Ray (safe; 1% risk of failure)
Press: ? - help, Shift-Dir - straight line, f/p - Harold
Aim: Harold, wielding a +0 trident, wearing a +4 ring mail of cold resistance and quivering a throwing net (moderately wounded, 89% to hit)
The searing ray hits Harold.
Harold is moderately wounded. (Press . to maintain the ray.) Harold hits you from afar with a +0 trident!
The searing ray hits Harold!
Harold is heavily wounded.
Harold hits you from afar with a +0 trident!!
The searing ray hits Harold!
Harold is severely wounded.
Harold hits you from afar with a +0 trident!!
You die...
Your body crumbles into a pile of gold.

####.....####
######......... ###.#
#.............. ....#.
#.....................
#......#########......
#.........####........
######..........@.....
#................
#.......(@.......
#....####........
#....# #..>.....
#....# #.......#
#....# #.......#
#....# #.......# #..
#.......# #########


You could see Harold.

Vanquished Creatures
  Grinder (D:4)
  A steam dragon (D:6)
  An acid dragon (D:6)
  A water moccasin (D:6)
  An orc warrior (D:5)
  3 black bears
  An ice beast (D:5)
  2 sky beasts (D:6)
  An ogre (D:6)
  A necrophage (D:5)
  A centaur (D:6)
  A phantom (D:6)
  A kobold brigand (D:7)
  A gnoll sergeant (D:5)
  A scorpion (D:6)
  A water moccasin skeleton (D:6)
  2 howler monkeys (D:7)
  2 jellies
  2 bullfrog skeletons
  2 gnoll shamans (D:5)
  An orc priest (D:5)
  4 hounds
  An iron imp (D:5)
  3 iguanas
  Natasha (twice) (D:4)
  4 orc wizards
  A hound zombie (D:5)
  12 gnolls
  8 adders
  A howler monkey skeleton (D:6)
  A worm (D:2)
  5 dart slugs
  26 orcs
  4 endoplasms
  5 giant cockroaches
  3 goblins
  4 hobgoblins
  6 jackals
  5 quokkas
  6 ball pythons
  5 bats
  4 frilled lizards
  8 kobolds
  4 rats
150 creatures vanquished.

Vanquished Creatures (others)
  A fungus (D:1)
1 creature vanquished.

Grand Total: 151 creatures vanquished

Notes
Turn   | Place    | Note
-------+----------+-------------------------------------------
     0 | D:1      | Descartes the Deep Elf Wanderer began the quest for the
                  | Orb.
     0 | D:1      | Descartes set off with the following items: a +0 shortbow,
                  | 19 arrows, a +0 robe, a +0 dagger; and the following spell
                  | memorised: Magic Dart; and the following spells available
                  | to memorise: Sublimation of Blood, Corpse Rot, Blink, Call
                  | Imp, Slow, Conjure Flame, Mephitic Cloud
     0 | D:1      | Reached XP level 1. HP: 12/12 MP: 9/9
   177 | D:1      | Reached skill level 1 in Conjurations
   399 | D:1      | Reached skill level 1 in Bows
   404 | D:1      | Reached XP level 2. HP: 11/16 MP: 10/10
  1175 | D:1      | Found a faded altar of an unknown god.
  1309 | D:1      | Learned a level 2 spell: Searing Ray
  1616 | D:1      | Learned a level 2 spell: Blink
  1882 | D:2      | Reached skill level 2 in Conjurations
  2138 | D:2      | Reached XP level 3. HP: 20/20 MP: 12/12
  2418 | D:2      | Reached skill level 1 in Translocations
  3080 | D:3      | Reached XP level 4. HP: 24/25 MP: 4/13
  3750 | D:4      | Found an iron altar of Okawaru.
  3763 | D:4      | Reached skill level 3 in Conjurations
  3851 | D:4      | Noticed Grinder
  3874 | D:4      | Paralysed by Grinder for 6 turns
  3890 | D:4      | Killed Grinder
  3891 | D:4      | Reached skill level 1 in Dodging
  3891 | D:4      | Reached skill level 1 in Shields
  3891 | D:4      | Reached skill level 1 in Air Magic
  3891 | D:4      | Reached XP level 5. HP: 21/29 MP: 2/15
  3891 | D:4      | Reached XP level 6. HP: 24/34 MP: 2/16
  4295 | D:4      | Identified the +4 ring mail "Tounea" {rN+ SInv}
  4354 | D:4      | Noticed a steam dragon
  4876 | D:4      | Noticed Natasha
  5329 | D:4      | Killed Natasha
  5330 | D:4      | Reached skill level 4 in Conjurations
  5330 | D:4      | Reached XP level 7. HP: 18/38 MP: 14/17
  5546 | D:4      | Found a broken altar of Ashenzari.
  5976 | D:4      | Noticed Natasha
  5983 | D:4      | Killed Natasha
  6304 | D:5      | Entered Level 5 of the Dungeon
  6475 | D:5      | Learned a level 5 spell: Lightning Bolt
  6567 | D:5      | Found a burning altar of Makhleb.
  6597 | D:5      | Found a snail-covered altar of Cheibriados.
  6764 | D:5      | Found a staircase to the Ecumenical Temple.
  6776 | Temple   | Entered the Ecumenical Temple
  6793 | Temple   | Became a worshipper of Gozag Ym Sagoz the Greedy
  6995 | D:5      | Reached skill level 5 in Conjurations
  7122 | D:5      | Reached XP level 8. HP: 43/43 MP: 14/18
  7518 | D:4      | Noticed Natasha
  8168 | D:6      | Reached skill level 6 in Conjurations
  8454 | D:5      | Reached skill level 5 in Air Magic
  9427 | D:6      | Reached skill level 7 in Conjurations
  9484 | D:6      | Got Sif Muna's Tome of Creation and the Oath
  9595 | D:6      | Reached XP level 9. HP: 47/47 MP: 19/19
 10397 | D:6      | Reached skill level 8 in Conjurations
 10808 | D:7      | Noticed Harold
 10821 | D:7      | Slain by Harold

Illustrated notes

Levels and vault maps discovered:
D:1:      dpeg_arrival_line_fractal, layout_basic,
          shapermc_ecumenical_altar_acropolis
D:2:      layout_loops_corners, serial_forest, infiniplex_forest_straight_2,
          infiniplex_forest_end_double, infiniplex_forest_end_2,
          infiniplex_forest_lined_3, infiniplex_forest_straight_4
D:3:      layout_loops_ring, st_stairs_1, minmay_randomly_rotated_circles
D:4:      layout_layer_cave, mainiacjoe_overflow_chevrons,
          ashenzari_conservatory_becter, uniq_natasha, uniq_grinder
D:5:      layout_loops_cross, makhleb_blood_cavern_becter, slow_altar_1,
          temple_fountains
D:6:      layout_gridville, minmay_puff
D:7:      layout_basic, hellmonk_bongcloud_opening, mrwooster_statue_mirror,
          uniq_harold, uniq_pikel
Temple:   minmay_freezing_vapour_temple

Skill      XL: |  1  2  3  4  5  6  7  8  9 |
---------------+----------------------------+-----
Conjurations   | 1 2 3 4 5 7 8 |  8.3
Bows           | 1 2 3 |  3.0
Translocations | 1 2 3 4 |  4.0
Dodging        | 1 2 3 |  3.0
Stealth        | 3 |  3.0
Shields        | 1 2 4 |  4.0
Air Magic      | 1 2 3 5 7 |  7.1
Fighting       | |  1.5
Crossbows      | |  1.0
Spellcasting   | |  5.8
Necromancy     | |  1.2

Action                   |  1- 3 |  4- 6 |  7- 9 || total
-------------------------+-------+-------+-------++-------
Melee: Dagger            |     8 |     1 |     3 ||    12
 Fire: Shortbow          |    68 |    45 |    15 ||   128
Throw: Dart              |       |     2 |     3 ||     5
 Cast: Magic Dart        |    49 |    25 |   107 ||   181
       Searing Ray       |     2 |     9 |    70 ||    81
       Blink             |       |       |     1 ||     1
Armor: Robe              |     7 |    12 |       ||    19
       Ring mail         |       |     9 |    38 ||    47
Dodge: Dodged            |    31 |    23 |    44 ||    98
Block: Buckler           |       |       |     5 ||     5
